 Dungeon Crawl Stone Soup version 0.17.2-1-ge4368a0 (webtiles) character file.

4414 Ladykiller69 the Cleaver (level 10, 0/76 HPs)
             Began as a Formicid Fighter on Sept 19, 2016.
             Was a Follower of Cheibriados.
             Slain by a jumping spider (shapeshifter) (8 damage)
             ... on level 12 of the Dungeon on Sept 20, 2016.
             The game lasted 00:19:06 (9395 turns).

Ladykiller69 the Cleaver (Formicid Fighter)         Turns: 9395, Time: 00:19:06

Health: 0/76       AC:  7    Str: 25    XL:     10   Next: 62%
Magic:  19/19      EV: 10    Int: 11    God:    Cheibriados [*.....]
Gold:   608        SH: 12    Dex: 14    Spells: 0 memorised, 9 levels left

rFire  + . .     SeeInvis +     a - +0 war axe
rCold  . . .     Clarity  +     b - +0 scale mail
rNeg   . . .     SustAt   +     c - +0 shield
rPois  .         Gourm    .     (helmet unavailable)
rElec  .         Spirit   .     (no cloak)
rCorr  .         Warding  .     (no gloves)
rMut   .         Stasis   +     (no boots)
MR     ++++.                    (no amulet)
Stlth  ..........               u - ring "Pusackan" {Fire -Tele MR+++ MP+9 Stlth-}
                                A - ring of sustain attributes

@: very slow, incredibly resistant to hostile enchantments, extremely unstealthy
A: permanent stasis, dig shafts and tunnels, four strong arms, antennae 3, agile
1, blurry vision 1, clarity, cold resistance 1, spit poison 1, evolution 1, no
device heal 2
a: Dig, Shaft Self, Spit Poison, Bend Time, Renounce Religion


You were on level 12 of the Dungeon.
You worshipped Cheibriados.
Cheibriados was aware of your devotion.
You were near starving.

You visited 2 branches of the dungeon, and saw 11 of its levels.

You collected 608 gold pieces.

Inventory:

Hand Weapons
 a - a +0 war axe (weapon)
 y - a +2 flail of protection
Armour
 b - a +0 scale mail (worn)
 c - a +0 shield (worn)
 l - a +0 plate armour
Jewellery
 s - an uncursed ring of wizardry {unknown}
 u - the ring "Pusackan" (right hand) {Fire -Tele MR+++ MP+9 Stlth-}
   (You found it on level 6 of the Dungeon)

   [ring of fire]

   It enhances your fire magic, and weakens your ice magic.
   It protects you from fire.
   It makes you vulnerable to cold.
   It affects your resistance to hostile enchantments.
   It affects your magic capacity (+9).
   It prevents most forms of teleportation.
   It makes you less stealthy.
 A - a ring of sustain attributes (left hand)
Wands
 B - a wand of teleportation (7)
 C - a wand of cold (8)
 D - a wand of flame (26)
 F - a wand of teleportation (5)
Scrolls
 g - 6 scrolls of teleportation {unknown}
 i - 10 scrolls of identify {unknown}
 j - 4 scrolls of remove curse {unknown}
 k - 2 scrolls of amnesia {unknown}
 o - 4 scrolls of random uselessness {unknown}
 p - 2 scrolls of magic mapping {unknown}
 t - a scroll of recharging {unknown}
 v - 2 scrolls of fog {unknown}
 w - a scroll of noise {unknown}
 x - a scroll of enchant armour {unknown}
 z - a scroll of enchant weapon {unknown}
Potions
 d - a potion of might
 f - 2 potions of degeneration
 h - a potion of resistance
 q - a potion of flight
 r - a potion of haste {unknown}
 E - a potion of curing {unknown}
Comestibles
 e - 9 bread rations (quivered)
 m - a royal jelly
 n - 3 meat rations


   Skills:
 - Level 6.0 Fighting
 * Level 11.4 Axes
 - Level 5.0 Armour
 + Level 9.8 Shields


You had 9 spell levels left.
You didn't know any spells.

Dungeon Overview and Level Annotations

Branches:
Dungeon (12/15)            Temple (1/1) D:7
   Lair: D:8-11         Orc: D:9-12

Altars:
Ashenzari
Cheibriados
Dithmenos
Elyvilon
Gozag
Qazlal
Ru
Trog
Yredelemnul
Zin

Shops:
D:8 *   D:12 !


Innate Abilities, Weirdness & Mutations

You are under a permanent stasis effect.
You can dig through walls and to a lower floor.
Your four strong arms can wield two-handed weapons with a shield.
You have a pair of large antennae on your head (SInv).
You are agile. (Dex +2)
Scrolls take you a little longer to read.
You possess an exceptional clarity of mind.
Your flesh is cold resistant.
You can spit weak poison.
You evolve.
Potions and wands are poor at restoring your health.


Message History

The jumping spider bites you but does no damage.
The web tears apart.
The jumping spider pounces on you but does no damage.
You block the jumping spider's attack. The jumping spider closely misses you.
The jumping spider bites you.
Your scale mail prevents you from hitting the jumping spider.
The jumping spider is lightly wounded.
The jumping spider barely misses you.
The jumping spider bites you but does no damage.
You closely miss the jumping spider.
The jumping spider is lightly wounded.
The jumping spider pounces on you!
* * * LOW HITPOINT WARNING * * *
The jumping spider barely misses you. The jumping spider pounces on you!
* * * LOW HITPOINT WARNING * * *
The jumping spider bites you but does no damage.
Are you sure you want to shaft yourself?
You are near starving!
The jumping spider pounces on you!
You die...

........#
∩.♣.......# ...
♣.........# ....
..........###+#....
...................
..................
..................
#.........#
##.....@...#
#.######s..# ##.#
...# ### ...# ####


You could see a jumping spider shaped shifter.

Vanquished Creatures
  Pikel (D:6)
  An orc warrior (D:6)
  6 yaks
  A steam dragon (D:8)
  A hippogriff (D:7)
  Edmund (D:5)
  A water moccasin (D:5)
  A slave (D:6)
  2 sky beasts
  A black bear (D:6)
  4 ogres
  An ice beast (D:5)
  A phantom (D:4)
  2 centaurs (D:6)
  Blork the orc (D:4)
  3 giant frogs
  2 big kobolds
  2 water moccasin zombies
  A crimson imp (D:5)
  4 centaur skeletons
  A jelly (D:8)
  A giant frog zombie (D:8)
  A gnoll shaman (D:4)
  2 orc priests
  Ijyb (D:3)
  3 orc wizards (D:8)
  2 hounds
  Natasha (thrice) (D:3)
  3 iguanas
  4 worker ants
  A killer bee zombie (D:8)
  2 hound skeletons (D:4)
  7 gnolls
  Robin (D:3)
  11 adders
  An ooze (D:4)
  An adder skeleton (D:7)
  A worm (D:5)
  4 giant geckos
  6 orcs
  3 ball pythons
  7 bats
  6 giant cockroaches
  17 goblins
  10 hobgoblins
  5 jackals
  17 kobolds
  4 quokkas
  2 giant gecko skeletons
  7 giant newts
  A jackal skeleton (D:8)
  6 rats
  A fungus (D:8)
179 creatures vanquished.

Vanquished Creatures (others)
  A slave (D:6)
  A centaur (D:6)
  An iguana (D:6)
  An orc (D:6)
  A ball python (D:6)
5 creatures vanquished.

Grand Total: 184 creatures vanquished

Notes
Turn   | Place    | Note
--------------------------------------------------------------
     0 | D:1      | Ladykiller69 the Formicid Fighter began the quest for the Orb.
     0 | D:1      | Reached XP level 1. HP: 18/18 MP: 1/1
   150 | D:1      | Reached XP level 2. HP: 24/24 MP: 2/2
   367 | D:1      | Reached XP level 3. HP: 25/30 MP: 3/3
   877 | D:2      | Reached XP level 4. HP: 25/37 MP: 4/4
   890 | D:2      | Reached skill level 4 in Shields
  1614 | D:2      | Reached XP level 5. HP: 10/42 MP: 5/5
  1939 | D:3      | Noticed Natasha
  1958 | D:3      | Killed Natasha
  2109 | D:3      | Noticed Natasha
  2131 | D:3      | Killed Natasha
  2131 | D:3      | Reached XP level 6. HP: 11/48 MP: 6/6
  2378 | D:3      | Noticed Natasha
  2382 | D:3      | Killed Natasha
  2407 | D:3      | Noticed Ijyb
  2413 | D:3      | Killed Ijyb
  2680 | D:3      | Noticed Robin
  2686 | D:3      | Killed Robin
  2801 | D:4      | Found a stormy altar of Qazlal.
  2925 | D:4      | Reached XP level 7. HP: 44/55 MP: 7/7
  2979 | D:4      | Noticed Blork the orc
  3005 | D:4      | Killed Blork the orc
  3005 | D:4      | Reached skill level 5 in Shields
  3309 | D:4      | Reached skill level 5 in Axes
  3309 | D:4      | Reached skill level 5 in Armour
  3527 | D:4      | Reached skill level 5 in Fighting
  3754 | D:4      | Reached XP level 8. HP: 35/62 MP: 8/8
  3767 | D:4      | Reached skill level 6 in Axes
  4093 | D:5      | Entered Level 5 of the Dungeon
  4179 | D:5      | Found a basalt altar of Yredelemnul.
  4303 | D:5      | Noticed Edmund
  4334 | D:5      | Killed Edmund
  4822 | D:5      | Gained mutation: Your flesh is cold resistant. [potion of beneficial mutation]
  4823 | D:5      | Gained mutation: You possess an exceptional clarity of mind. [potion of mutation]
  4823 | D:5      | Gained mutation: Potions and wands are less effective at restoring your health. [potion of mutation]
  4823 | D:5      | Gained mutation: You have a somewhat thin skeletal structure (Dex +2, Stealth). [potion of mutation]
  4826 | D:5      | Reached skill level 7 in Axes
  4829 | D:5      | HP: 4/96 [poisoned by a water moccasin]
  4834 | D:5      | HP: 3/96 [poisoned by a water moccasin]
  4839 | D:5      | HP: 1/96 [poisoned by a water moccasin]
  4845 | D:5      | HP: 1/96 [poisoned by a water moccasin]
  4853 | D:5      | HP: 1/96 [poisoned by a water moccasin]
  5151 | D:5      | Found a white marble altar of Elyvilon.
  5337 | D:6      | Reached XP level 9. HP: 62/69 MP: 9/9
  5510 | D:6      | Reached skill level 8 in Axes
  5732 | D:6      | Got a clouded glass ring
  5738 | D:6      | Noticed Pikel
  5769 | D:6      | Killed Pikel
  5800 | D:6      | Lost mutation: You have a somewhat thin skeletal structure (Dex +2, Stealth). [potion of mutation]
  5800 | D:6      | Gained mutation: You are agile. (Dex +2) [potion of mutation]
  5801 | D:6      | Gained mutation: You evolve. [potion of mutation]
  5801 | D:6      | Gained mutation: Potions and wands are poor at restoring your health. [potion of mutation]
  5869 | D:6      | Reached skill level 9 in Axes
  6074 | D:6      | Found a shadowy altar of Dithmenos.
  6398 | D:6      | Gained mutation: Scrolls take you a little longer to read. [evolution]
  6408 | D:6      | Found an opulent altar of Gozag.
  7062 | D:7      | Reached skill level 10 in Axes
  7062 | D:7      | Reached XP level 10. HP: 61/76 MP: 10/10
  7267 | D:8      | Found a sacrificial altar of Ru.
  7535 | D:8      | Found Ikat's General Store.
  7969 | D:7      | Found a staircase to the Ecumenical Temple.
  7993 | Temple   | Entered the Ecumenical Temple
  8003 | Temple   | Became a worshipper of Cheibriados the Contemplative
  8015 | D:7      | Identified the ring "Pusackan" {Fire -Tele MR+++ MP+9 Stlth-} (You found it on level 6 of the Dungeon)
  8047 | D:7      | Reached skill level 11 in Axes
  8960 | D:8      | Reached * piety under Cheibriados
  9034 | D:9      | HP: 3/76 [troll (14)]
  9035 | D:9      | HP: 1/76 [troll (2)]
  9036 | D:9      | You fall through a shaft for 3 floors!
  9038 | D:12     | Found Aratunef's Distillery.
  9345 | D:12     | Gained mutation: You can spit weak poison. [evolution]
  9395 | D:12     | Slain by a jumping spider (shapeshifter)

Action                   |  1- 3 |  4- 6 |  7- 9 | 10-12 || total
-------------------------+-------+-------+-------+-------++-------
Melee: War axe           |    73 |   210 |   348 |   200 ||   831
 Abil: Dig               |       |     6 |     4 |     6 ||    16
       Shaft Self        |       |       |       |     2 ||     2
  Use: Potion            |       |       |    11 |       ||    11
 Stab: Invisible         |       |       |     1 |       ||     1
  Eat: Chunk             |       |     7 |    10 |     7 ||    24
       Royal jelly       |       |       |     1 |     1 ||     2
       Beef jerky        |       |       |     1 |       ||     1
